 Dungeon Sprint DCSS version 0.17-a0-1651-gae1a69f (webtiles) character file.

19356 Kidiri the Unseen (level 12, -19/51 HPs)
             Began as a Spriggan Enchanter on Aug 14, 2015.
             Was the Champion of Dithmenos.
             Demolished by an alligator snapping turtle (29 damage)
             ... in the Dungeon (Sprint III: "The Ten Rune Challenge").
             The game lasted 00:10:20 (2643 turns).

Kidiri the Unseen (Spriggan Enchanter)              Turns: 2643, Time: 00:10:20

Health: -19/51     AC:  5    Str:  4    XL:     12   Next: 35%
Magic:  23/33      EV: 35    Int: 19    God:    Dithmenos [******]
Gold:   51         SH:  0    Dex: 19    Spells: 5 memorised, 32 levels left

rFire  . . .     SeeInvis +     a - +1 dagger
rCold  . . .     Clarity  +     b - +2 robe
rNeg   . . .     SustAt   .     (shield restricted)
rPois  .         Gourm    .     (helmet restricted)
rElec  .         Spirit   .     (no cloak)
rCorr  .         Warding  .     (gloves unavailable)
rMut   .         NoTele   +     (boots unavailable)
MR     ++...                    (no amulet)
Stlth  +++++++++.               (no ring)
                                (no ring)

@: wreathed by umbra, very quick, very resistant to hostile enchantments,
incredibly stealthy
A: unfitting armour, antennae 1, hooves 1, see invisible, clarity, herbivore 3,
speed 3, mutation resistance 1, shaggy fur 1, slow metabolism 2
a: Shadow Step, Shadow Form, Renounce Religion


You were in the Dungeon.
You worshipped Dithmenos.
Dithmenos was exalted by your worship.
You were not hungry.

You visited 1 branch You collected 51 gold pieces.

Inventory:

Hand weapons
 a - a +1 dagger (weapon)
Missiles
 l - 10 throwing nets (quivered)
Armour
 b - a +2 robe (worn)
Scrolls
 j - a scroll of blinking
 m - 2 scrolls of torment {unknown}
 r - a scroll of remove curse
Potions
 c - a potion of might
 e - 2 potions of curing
 f - a potion of heal wounds
 g - 2 potions of haste
 h - 2 potions of magic
 i - 2 potions of berserk rage
 k - a potion of lignification {unknown}
 q - 4 potions of cure mutation
 s - a potion of invisibility {unknown}
Comestibles
 d - 2 bread rations
 n - 6 fruits
 p - 26 royal jellies


   Skills:
 + Level 11.2 Short Blades
 * Level 19.4 Dodging
 * Level 20.9 Stealth
 * Level 16.6 Spellcasting
 + Level 7.9 Conjurations
 + Level 12.6 Hexes
 + Level 8.5 Ice Magic
 - Level 3.2 Invocations


You had 32 spell levels left.
You knew the following spells:

 Your Spells              Type           Power        Failure   Level  Hunger
a - Corona                Hex            ######.      1%          1    None
b - Ensorcelled Hibernat  Hex/Ice        ######       1%          2    None
c - Confuse               Hex            ######..     1%          3    None
d - Tukima's Dance        Hex            ######..     1%          3    None
e - Dazzling Spray        Conj/Hex       ######..     1%          3    None


Dungeon Overview and Level Annotations

Branches:
Dungeon (1/1)

Altars:
Cheibriados
Dithmenos
Elyvilon
Fedhas
Gozag
Kikubaaqudgha
Makhleb
Nemelex Xobeh
Okawaru
Qazlal
Ru
Sif Muna
Trog
Vehumet
Xom
Yredelemnul
Zin
The Shining One
Jiyva
Lugonu

Shops:
D :%(


Innate Abilities, Weirdness & Mutations

You are tiny and cannot use many weapons and most armour.
You have supernaturally acute eyesight.
You are a herbivore.
You cover ground extremely quickly.
You need consume almost no food.
You have a pair of small antennae on your head.
You have large cloven feet.
You possess an exceptional clarity of mind.
You are somewhat resistant to further mutation.
You are covered in fur (AC +1).


Message History

Dithmenos accepts your kill.
Use which ability? (? or * to list)
Aiming: Shadow Step
Press: ? - help, Dir - move target cursor, f - snapping turtle
Aim: a snapping turtle (resting, umbra)
You step into the snapping turtle's shadow.
The helpless snapping turtle fails to defend itself.
You spit the snapping turtle like a pig!!!!!
You kill the snapping turtle!
Dithmenos accepts your kill.
The alligator snapping turtle barely misses you.
You enter the shallow water.
Moving in this stuff is going to be slow.
The kraken bites you!!!
Ouch! That really hurt!
* * * LOW HITPOINT WARNING * * *
You emit a cloud of dark smoke.
The alligator snapping turtle bites you from afar!!
Ouch! That really hurt!
You die...

▓≈≈≈≈≈..≈≈≈t≈▓
♣♣.♣
▓≈≈≈≈≈≈≈≈≈≈≈≈▓
♣.♣♣
▓≈≈≈≈≈≈≈≈≈≈≈≈▓
♣.♣♣
▓≈≈≈≈≈≈≈≈≈≈≈≈▓
♣..♣
▓≈≈≈≈≈≈≈≈≈≈≈≈▓
♣♣.♣
▓≈≈≈≈≈≈≈≈≈≈≈≈▓
♣♣.♣
▓≈≈≈≈≈≈≈≈≈≈≈≈▓
.♣
▓≈≈≈§X≈≈≈≈≈≈≈▓
.≈
▓≈≈≈@≈≈≈≈≈≈≈≈▓
≈..
▓≈≈§§.t...≈≈≈▓
.≈≈
▓≈≈.†∩∩φ∩..≈≈▓
♣♣♣
▓▓▓▓▓▓▓▓▓▓▓▓▓▓


You could see a kraken and an alligator snapping turtle.

Vanquished Creatures
  Rupert (D)
  Maud (D)
  2 hydras (D)
  Erolcha (D)
  An alligator snapping turtle (D)
  4 death yaks (D)
  A spriggan druid (D)
  A lindwurm (D)
  2 death drakes (D)
  2 black mambas (D)
  2 spiny frogs (D)
  A komodo dragon (D)
  A fire drake (D)
  A deep elf priest (D)
  A queen bee (D)
  3 wandering mushrooms (D)
  8 blink frogs (D)
  3 snapping turtles (D)
  2 spriggans (D)
  4 redbacks (D)
  A shadow (D)
  2 trapdoor spiders (D)
  A spatial vortex (D)
  2 hill giants (D)
  A swamp drake (D)
  A necrophage (D)
  3 two-headed ogres (D)
  2 brain worms (D)
  A water elemental (D)
  32 killer bees (D)
  An electric eel (D)
  A wizard (D)
  A jelly (D)
  Jessica (D)
  A necromancer (D)
  A wolf (D)
  A kobold demonologist (D)
  3 humans (D)
  2 oozes (D)
  A rat (D)
101 creatures vanquished.

Vanquished Creatures (others)
  2 draconian scorchers (D)
  A yaktaur (D)
  3 plants (D)
6 creatures vanquished.

Grand Total: 107 creatures vanquished

Notes
Turn   | Place    | Note
--------------------------------------------------------------
     0 | D        | Kidiri the Spriggan Enchanter began the quest for the Orb.
     0 | D        | Reached XP level 1. HP: 9/9 MP: 5/5
    15 | D        | Reached skill level 5 in Stealth
    17 | D        | Reached XP level 2. HP: 10/13 MP: 5/7
    21 | D        | Learned a level 2 spell: Ensorcelled Hibernation
    91 | D        | Noticed Jessica
    94 | D        | Killed Jessica
    94 | D        | Reached skill level 5 in Dodging
    94 | D        | Reached skill level 6 in Stealth
    94 | D        | Reached skill level 1 in Ice Magic
    94 | D        | Reached XP level 3. HP: 16/16 MP: 7/9
   102 | D        | Learned a level 3 spell: Confuse
   106 | D        | Learned a level 3 spell: Tukima's Dance
   150 | D        | Noticed a wolf
   150 | D        | Reached skill level 7 in Stealth
   156 | D        | Killed a wolf
   156 | D        | Reached skill level 5 in Spellcasting
   156 | D        | Reached XP level 4. HP: 21/21 MP: 6/12
   166 | D        | Learned a level 3 spell: Dazzling Spray
   197 | D        | Gained mutation: You have large cloven feet. [potion of mutation]
   197 | D        | Gained mutation: You possess an exceptional clarity of mind. [potion of mutation]
   197 | D        | Gained mutation: You have a pair of small antennae on your head. [potion of mutation]
   198 | D        | Gained mutation: You are somewhat resistant to further mutation. [potion of mutation]
   198 | D        | Gained mutation: You are covered in fur (AC +1). [potion of mutation]
   227 | D        | Noticed a water elemental
   230 | D        | Killed a water elemental
   230 | D        | Reached skill level 8 in Stealth
   230 | D        | Reached skill level 1 in Conjurations
   230 | D        | Reached skill level 5 in Hexes
   230 | D        | Reached XP level 5. HP: 24/24 MP: 12/14
   240 | D        | Noticed a jelly
   241 | D        | Noticed a shadow
   243 | D        | Killed a shadow
   243 | D        | Reached skill level 10 in Stealth
   243 | D        | Reached XP level 6. HP: 28/28 MP: 14/17
   247 | D        | Killed a jelly
   248 | D        | Killed a white draconian scorcher
   253 | D        | Found a stormy altar of Qazlal.
   254 | D        | Found a sacrificial altar of Ru.
   254 | D        | Found a burning altar of Makhleb.
   254 | D        | Found a viscous altar of Jiyva.
   254 | D        | Found a shimmering altar of Xom.
   254 | D        | Found a shadowy altar of Dithmenos.
   254 | D        | Found a sparkling altar of Nemelex Xobeh.
   254 | D        | Found a corrupted altar of Lugonu.
   254 | D        | Found an opulent altar of Gozag.
   254 | D        | Noticed a spatial vortex
   258 | D        | Became a worshipper of Dithmenos the Shadowed
   263 | D        | Killed a white draconian scorcher
   611 | D        | Killed a spatial vortex
   611 | D        | Reached skill level 5 in Short Blades
   611 | D        | Reached skill level 1 in Invocations
   636 | D        | Killed a yaktaur
   731 | D        | Found a radiant altar of Vehumet.
   732 | D        | Found a deep blue altar of Sif Muna.
   732 | D        | Found an ancient bone altar of Kikubaaqudgha.
   732 | D        | Noticed a wizard
   733 | D        | Killed a wizard
   733 | D        | Reached skill level 11 in Stealth
   754 | D        | Found a glowing silver altar of Zin.
   755 | D        | Found a glowing golden altar of the Shining One.
   755 | D        | Found a white marble altar of Elyvilon.
   755 | D        | Noticed a deep elf priest
   757 | D        | Killed a deep elf priest
   757 | D        | Reached skill level 10 in Dodging
   757 | D        | Reached XP level 7. HP: 32/32 MP: 18/20
   769 | D        | Found an iron altar of Okawaru.
   770 | D        | Found a bloodstained altar of Trog.
   770 | D        | Noticed a human
   770 | D        | Noticed a human
   772 | D        | Killed a human
   772 | D        | Reached skill level 12 in Stealth
   773 | D        | Killed a human
   773 | D        | Reached XP level 8. HP: 36/36 MP: 20/22
   887 | D        | Found a snail-covered altar of Cheibriados.
   887 | D        | Noticed a necrophage
   888 | D        | Found a basalt altar of Yredelemnul.
   888 | D        | Found a blossoming altar of Fedhas.
   888 | D        | Noticed a necromancer
   889 | D        | Killed a necrophage
   889 | D        | Acquired Dithmenos's first power
   890 | D        | Killed a necromancer
   890 | D        | Reached skill level 10 in Spellcasting
   922 | D        | Noticed a two-headed ogre
   922 | D        | Noticed a two-headed ogre
   926 | D        | Killed a two-headed ogre
   937 | D        | Noticed a two-headed ogre
   948 | D        | Killed a two-headed ogre
   948 | D        | Reached skill level 13 in Stealth
   965 | D        | Killed a two-headed ogre
  1059 | D        | Noticed a hill giant
  1062 | D        | Killed a hill giant
  1062 | D        | Acquired Dithmenos's second power
  1068 | D        | Noticed a hill giant
  1068 | D        | Noticed Erolcha
  1070 | D        | Killed Erolcha
  1070 | D        | Reached skill level 14 in Stealth
  1070 | D        | Reached skill level 5 in Ice Magic
  1070 | D        | Reached XP level 9. HP: 39/39 MP: 23/25
  1071 | D        | Killed a hill giant
  1082 | D        | Noticed a redback
  1085 | D        | Noticed a trapdoor spider
  1094 | D        | Killed a redback
  1094 | D        | Acquired Dithmenos's third power
  1096 | D        | Killed a trapdoor spider
  1274 | D        | Noticed a trapdoor spider
  1307 | D        | Killed a trapdoor spider
  1366 | D        | Noticed a killer bee
  1366 | D        | Noticed a killer bee
  1366 | D        | Noticed a killer bee
  1366 | D        | Noticed a killer bee
  1366 | D        | Noticed a killer bee
  1366 | D        | Noticed a killer bee
  1366 | D        | Noticed a killer bee
  1366 | D        | Noticed a killer bee
  1366 | D        | Noticed a killer bee
  1366 | D        | Noticed a killer bee
  1366 | D        | Noticed a killer bee
  1366 | D        | Noticed a killer bee
  1366 | D        | Noticed a killer bee
  1366 | D        | Noticed a killer bee
  1366 | D        | Noticed a killer bee
  1366 | D        | Noticed a killer bee
  1368 | D        | Noticed a killer bee
  1368 | D        | Noticed a killer bee
  1368 | D        | Noticed a killer bee
  1368 | D        | Noticed a killer bee
  1368 | D        | Killed a killer bee
  1369 | D        | Noticed a killer bee
  1370 | D        | Noticed a killer bee
  1370 | D        | Killed a killer bee
  1370 | D        | Reached skill level 15 in Stealth
  1372 | D        | Noticed a killer bee
  1372 | D        | Killed a killer bee
  1373 | D        | Noticed a killer bee
  1373 | D        | Noticed a killer bee
  1374 | D        | Noticed a killer bee
  1374 | D        | Noticed a killer bee
  1376 | D        | Noticed a killer bee
  1376 | D        | Killed a killer bee
  1377 | D        | Noticed a killer bee
  1378 | D        | Noticed a killer bee
  1378 | D        | Noticed a queen bee
  1378 | D        | Noticed a killer bee
  1378 | D        | Killed a killer bee
  1378 | D        | Acquired Dithmenos's fourth power
  1380 | D        | Noticed a killer bee
  1380 | D        | Killed a killer bee
  1382 | D        | Killed a killer bee
  1384 | D        | Killed a killer bee
  1386 | D        | Killed a killer bee
  1388 | D        | Killed a killer bee
  1388 | D        | Reached skill level 5 in Conjurations
  1390 | D        | Killed a killer bee
  1392 | D        | Killed a killer bee
  1529 | D        | Killed a killer bee
  1533 | D        | Killed a killer bee
  1535 | D        | Killed a killer bee
  1537 | D        | Killed a killer bee
  1539 | D        | Killed a killer bee
  1541 | D        | Killed a killer bee
  1543 | D        | Killed a killer bee
  1547 | D        | Killed a killer bee
  1551 | D        | Killed a killer bee
  1553 | D        | Killed a killer bee
  1700 | D        | Killed a killer bee
  1703 | D        | Killed a killer bee
  1705 | D        | Killed a killer bee
  1709 | D        | Killed a killer bee
  1711 | D        | Killed a killer bee
  1749 | D        | Killed a killer bee
  1749 | D        | Reached XP level 10. HP: 44/44 MP: 20/27
  1753 | D        | Killed a killer bee
  1755 | D        | Killed a killer bee
  1762 | D        | Killed a killer bee
  1775 | D        | Killed a killer bee
  1775 | D        | Reached skill level 16 in Stealth
  1779 | D        | Killed a queen bee
  1779 | D        | Reached skill level 15 in Dodging
  1875 | D        | Noticed a wandering mushroom
  1876 | D        | Noticed a wandering mushroom
  1876 | D        | Noticed a wandering mushroom
  1877 | D        | Killed a wandering mushroom
  1883 | D        | Killed a wandering mushroom
  1884 | D        | Killed a wandering mushroom
  2008 | D        | Noticed a spiny frog
  2008 | D        | Noticed a komodo dragon
  2008 | D        | Noticed a spiny frog
  2011 | D        | Killed a spiny frog
  2011 | D        | Reached skill level 10 in Hexes
  2014 | D        | Killed a komodo dragon
  2015 | D        | Killed a spiny frog
  2015 | D        | Reached skill level 17 in Stealth
  2018 | D        | Noticed a redback
  2020 | D        | Killed a redback
  2021 | D        | Noticed a brain worm
  2025 | D        | Killed a brain worm
  2031 | D        | Noticed a brain worm
  2033 | D        | Killed a brain worm
  2036 | D        | Noticed a lindwurm
  2038 | D        | Noticed a redback
  2039 | D        | Killed a lindwurm
  2041 | D        | Killed a redback
  2046 | D        | Noticed a redback
  2047 | D        | Killed a redback
  2048 | D        | Noticed Maud
  2050 | D        | Killed Maud
  2050 | D        | Reached skill level 18 in Stealth
  2050 | D        | Reached XP level 11. HP: 47/47 MP: 28/30
  2060 | D        | Noticed an electric eel
  2061 | D        | Noticed a four-headed hydra
  2061 | D        | Noticed a six-headed hydra
  2062 | D        | Killed an electric eel
  2064 | D        | Killed a four-headed hydra
  2065 | D        | Killed a six-headed hydra
  2327 | D        | Noticed a death drake
  2330 | D        | Killed a death drake
  2337 | D        | Found a blossoming altar of Fedhas.
  2337 | D        | Noticed a spriggan
  2337 | D        | Noticed a spriggan druid
  2337 | D        | Noticed a spriggan
  2339 | D        | Killed a spriggan druid
  2340 | D        | Killed a spriggan
  2341 | D        | Killed a spriggan
  2373 | D        | Noticed a death drake
  2375 | D        | Killed a death drake
  2375 | D        | Reached skill level 10 in Short Blades
  2375 | D        | Reached skill level 19 in Stealth
  2375 | D        | Reached skill level 15 in Spellcasting
  2427 | D        | Noticed a swamp drake
  2427 | D        | Noticed a fire drake
  2428 | D        | Killed a fire drake
  2430 | D        | Killed a swamp drake
  2436 | D        | Noticed a blink frog
  2436 | D        | Noticed a blink frog
  2436 | D        | Noticed a blink frog
  2438 | D        | Noticed a blink frog
  2439 | D        | Killed a blink frog
  2440 | D        | Noticed a blink frog
  2441 | D        | Killed a blink frog
  2443 | D        | Killed a blink frog
  2445 | D        | Killed a blink frog
  2450 | D        | Killed a blink frog
  2475 | D        | Noticed Rupert
  2477 | D        | Killed Rupert
  2498 | D        | Noticed a death yak
  2499 | D        | Noticed a death yak
  2499 | D        | Noticed a blink frog
  2500 | D        | Killed a death yak
  2500 | D        | Reached skill level 20 in Stealth
  2501 | D        | Noticed an azure jelly
  2501 | D        | Noticed a death yak
  2501 | D        | Noticed an azure jelly
  2501 | D        | Noticed a blink frog
  2501 | D        | Noticed a death yak
  2502 | D        | Killed a death yak
  2502 | D        | Reached XP level 12. HP: 51/51 MP: 27/33
  2503 | D        | Killed a blink frog
  2504 | D        | Noticed a blink frog
  2504 | D        | Noticed a black mamba
  2505 | D        | Killed a death yak
  2506 | D        | Noticed a black mamba
  2507 | D        | Killed a blink frog
  2509 | D        | Killed a blink frog
  2510 | D        | Killed a death yak
  2512 | D        | Killed a black mamba
  2516 | D        | Killed a black mamba
  2527 | D        | Noticed an azure jelly
  2527 | D        | Noticed an azure jelly
  2632 | D        | Noticed a snapping turtle
  2633 | D        | Noticed a snapping turtle
  2633 | D        | Noticed a kraken
  2634 | D        | Killed a snapping turtle
  2636 | D        | Noticed an alligator snapping turtle
  2636 | D        | Noticed an alligator snapping turtle
  2637 | D        | Noticed a snapping turtle
  2637 | D        | Noticed a snapping turtle
  2637 | D        | Found Dimux's Antique Weapon Shop.
  2637 | D        | Found Mualleph's Food Boutique.
  2637 | D        | Found Rolipt's Book Shoppe.
  2638 | D        | Killed a snapping turtle
  2639 | D        | Killed an alligator snapping turtle
  2641 | D        | Killed a snapping turtle
  2643 | D        | Demolished by an alligator snapping turtle

Vault maps used:
D:        dungeon_sprint_mu

Action                   |  1- 3 |  4- 6 |  7- 9 | 10-12 || total
-------------------------+-------+-------+-------+-------++-------
Melee: Dagger            |    23 |     8 |    59 |    52 ||   142
 Cast: Ensorcelled Hiber |     2 |       |    44 |     8 ||    54
       Dazzling Spray    |       |     6 |       |     1 ||     7
       Confuse           |       |       |     5 |     4 ||     9
Invok: Shadow Step       |       |       |     2 |    11 ||    13
  Use: Scroll            |       |     4 |       |       ||     4
       Potion            |       |     2 |       |       ||     2
 Stab: Sleeping          |     4 |     6 |    39 |    44 ||    93
       Confused          |       |       |     1 |     1 ||     2
       Held in net/web   |       |       |     1 |       ||     1
